[Event "LAT-chT Higher League 2019"]
[Site "Riga"]
[Date "2019.10.12"]
[Round "8.9"]
[White "Alainis, Artis"]
[Black "Tronenkovs, Valdis"]
[Result "0-1"]
[ECO "B73"]
[WhiteElo "2025"]
[BlackElo "2267"]
[Annotator "NA"]
[PlyCount "76"]
[EventDate "2019.02.15"]
[EventType "team-tourn"]
[EventCountry "LAT"]
[SourceTitle "playchess.com"]
[Source "ChessBase"]
[SourceQuality "1"]
[TimeControl "40/5400+30:1800+30"]

1. e4 c5 2. Nf3 Nc6 3. d4 cxd4 4. Nxd4 g6 5. Nc3 Bg7 6. Be3 Nf6 7. Be2 O-O 8. O-O d6 9. Kh1 Bd7 10. f3 Rc8 11. Qd2 Re8 12. Rfc1 Qa5 13. a3 Ne5 14. Nb3 Qc7 15. Nb5 Bxb5 16. Bxb5 Red8 17. Bd4 d5 18. exd5 a6 19. Bf1 Nc4 20. Qf2 Rxd5 21. Re1 b5 22. c3 e5 23. Ba7 Nxb2 24. Qxb2 Qxa7 25. a4 Qc7 26. axb5 axb5 27. Rec1 e4 28. Qf2 exf3 29. Qxf3 Rf5 30. Qe2 Re8 31. Qd1 Ne4 32. Ra2 Qb6 33. Nd4 Nf2+ 34. Rxf2 Rxf2 35. Nxb5 Qe3 36. c4 Rd2 37. Qg4 h5 38. Qh4 Rxg2 0-1

[Event "LAT-chT Higher League 2019"]
[Site "Riga"]
[Date "2019.10.12"]
[Round "8.10"]
[White "Rogule, Laura"]
[Black "Vidruska, Renate"]
[Result "1-0"]
[ECO "D32"]
[WhiteElo "2269"]
[BlackElo "2038"]
[Annotator "NA"]
[PlyCount "97"]
[EventDate "2019.02.15"]
[EventType "team-tourn"]
[EventCountry "LAT"]
[SourceTitle "playchess.com"]
[Source "ChessBase"]
[SourceQuality "1"]
[TimeControl "40/5400+30:1800+30"]

1. c4 Nf6 2. Nf3 e6 3. b3 Be7 4. Bb2 d5 5. e3 O-O 6. Nc3 c5 7. cxd5 exd5 8. d4 Nc6 9. Be2 Be6 10. dxc5 Bxc5 11. O-O Ne4 12. Nb5 Be7 13. Nbd4 Bg4 14. Nxc6 bxc6 15. Ne5 Bxe2 16. Qxe2 Rc8 17. Rac1 c5 18. Rfd1 Nf6 19. Ng4 Ne4 20. f3 Ng5 21. Qd3 Rc6 22. Qf5 Qa5 23. Qxd5 Re6 24. a3 h5 25. Ne5 Rd8 26. Qc4 Rxd1+ 27. Rxd1 Bf6 28. f4 Nh7 29. Kf2 Nf8 30. Bc3 Qb6 31. Rd5 Qa6 32. Qxc5 Bxe5 33. Bxe5 Rc6 34. Rd6 Rxd6 35. Qxd6 Qb5 36. b4 f6 37. Bb2 Qc4 38. Qd1 h4 39. Kf3 Ne6 40. Kg4 Qe4 41. Qf3 Qg6+ 42. Kxh4 Qc2 43. Qd5 g5+ 44. fxg5 fxg5+ 45. Kg4 Qc8 46. Kf5 Kf7 47. e4 Ke7 48. Bf6+ Kf7 49. Bxg5 1-0

[Event "LAT-chT Higher League 2019"]
[Site "Riga"]
[Date "2019.10.12"]
[Round "8.11"]
[White "Mierins, Eriks"]
[Black "Semjonovs, Ilja"]
[Result "1/2-1/2"]
[ECO "B92"]
[WhiteElo "2194"]
[BlackElo "2357"]
[Annotator "NA"]
[PlyCount "35"]
[EventDate "2019.02.15"]
[EventType "team-tourn"]
[EventCountry "LAT"]
[SourceTitle "playchess.com"]
[Source "ChessBase"]
[SourceQuality "1"]
[TimeControl "40/5400+30:1800+30"]

1. e4 c5 2. Nf3 d6 3. d4 cxd4 4. Nxd4 Nf6 5. Nc3 a6 6. Be2 e5 7. Nb3 Be7 8. Be3 Be6 9. O-O O-O 10. f4 exf4 11. Bxf4 Nc6 12. Kh1 d5 13. exd5 Nxd5 14. Nxd5 Qxd5 15. Qxd5 Bxd5 16. Rad1 Be6 17. c3 Rac8 18. h3 1/2-1/2

[Event "LAT-chT Higher League 2019"]
[Site "Riga"]
[Date "2019.10.12"]
[Round "8.12"]
[White "Chukavin, Kirill"]
[Black "Wenzel, Birger"]
[Result "1-0"]
[ECO "B13"]
[WhiteElo "2332"]
[BlackElo "2055"]
[Annotator "NA"]
[PlyCount "83"]
[EventDate "2019.02.15"]
[EventType "team-tourn"]
[EventCountry "LAT"]
[SourceTitle "playchess.com"]
[Source "ChessBase"]
[SourceQuality "1"]
[TimeControl "40/5400+30:1800+30"]

1. e4 c6 2. d4 d5 3. exd5 cxd5 4. Bd3 Nf6 5. c3 Bg4 6. Qb3 Qd7 7. Nd2 Nc6 8. Ngf3 Qc7 9. h3 Bxf3 10. Nxf3 e6 11. Bf4 Qc8 12. O-O Be7 13. Rae1 O-O 14. Qc2 a6 15. Ne5 b5 16. g4 g6 17. Bh6 Nxe5 18. dxe5 Nd7 19. Bxf8 Bxf8 20. f4 Qd8 21. Kg2 Bg7 22. a4 Qb6 23. axb5 axb5 24. Qf2 Qc6 25. h4 Ra2 26. h5 Nc5 27. Bb1 Ra4 28. hxg6 hxg6 29. b4 Nd7 30. f5 Nxe5 31. fxg6 d4+ 32. Be4 Qc4 33. gxf7+ Kf8 34. Qh4 Ra2+ 35. Kg1 Qc7 36. Qh7 Nxf7 37. Rxf7+ Qxf7 38. Rf1 Qxf1+ 39. Kxf1 dxc3 40. Qg6 Bd4 41. Qxe6 Rf2+ 42. Ke1 1-0

[Event "LAT-chT Higher League 2019"]
[Site "Riga"]
[Date "2019.10.12"]
[Round "8.13"]
[White "Beks, Edmunds"]
[Black "Golubovskis, Maksims"]
[Result "1/2-1/2"]
[ECO "B40"]
[WhiteElo "2024"]
[BlackElo "2078"]
[Annotator "NA"]
[PlyCount "129"]
[EventDate "2019.02.15"]
[EventType "team-tourn"]
[EventCountry "LAT"]
[SourceTitle "playchess.com"]
[Source "ChessBase"]
[SourceQuality "1"]
[TimeControl "40/5400+30:1800+30"]

1. e4 c5 2. b3 Nf6 3. e5 Nd5 4. Bb2 Nc6 5. Nf3 e6 6. c4 Nc7 7. Bd3 Be7 8. Nc3 d5 9. exd6 Qxd6 10. Bb1 e5 11. O-O f6 12. Nh4 g6 13. f4 f5 14. Nf3 O-O 15. Nb5 Nxb5 16. cxb5 e4 17. bxc6 exf3 18. Qxf3 bxc6 19. Be5 Qd5 20. Bd3 Qxf3 21. Rxf3 Be6 22. Ba6 Rad8 23. d3 Kf7 24. Re3 Rd7 25. Rae1 Bd5 26. Bb2 Bd6 27. g3 h6 28. Bc4 Re7 29. Rxe7+ Bxe7 30. Ba3 Rd8 31. Re2 Bxc4 32. dxc4 a5 33. Kf2 a4 34. bxa4 Ra8 35. Rc2 Rxa4 36. Bc1 Bf6 37. Ke3 g5 38. Kd3 g4 39. a3 h5 40. Ra2 Ke6 41. Bd2 Kd6 42. Bc3 Bxc3 43. Kxc3 Ra8 44. a4 Kc7 45. Re2 Rxa4 46. Re7+ Kd6 47. Rh7 Ra2 48. Rxh5 Ke6 49. Rh6+ Kd7 50. Kb3 Rf2 51. Kc3 Ra2 52. Rf6 Rxh2 53. Rxf5 Rh3 54. Rxc5 Rxg3+ 55. Kd4 Rg1 56. Rg5 g3 57. Kc5 g2 58. f5 Ke7 59. Rg6 Kf7 60. Kxc6 Rc1 61. Rxg2 Rxc4+ 62. Kd5 Rc1 63. Ke5 Rf1 64. Ra2 Re1+ 65. Kd4 1/2-1/2

[Event "LAT-chT Higher League 2019"]
[Site "Riga"]
[Date "2019.10.12"]
[Round "8.14"]
[White "Jazdanovs, Aleksandrs"]
[Black "Krastins, Juris"]
[Result "1/2-1/2"]
[ECO "B76"]
[WhiteElo "2209"]
[BlackElo "1843"]
[Annotator "NA"]
[PlyCount "77"]
[EventDate "2019.02.15"]
[EventType "team-tourn"]
[EventCountry "LAT"]
[SourceTitle "playchess.com"]
[Source "ChessBase"]
[SourceQuality "1"]
[TimeControl "40/5400+30:1800+30"]

1. e4 c5 2. Nf3 d6 3. d4 cxd4 4. Nxd4 Nf6 5. Nc3 g6 6. Be3 Bg7 7. f3 O-O 8. Qd2 Nc6 9. O-O-O d5 10. exd5 Nxd5 11. Nxc6 bxc6 12. Nxd5 cxd5 13. Bh6 Bxh6 14. Qxh6 Qa5 15. Kb1 Rb8 16. h4 Bf5 17. Bd3 Qc3 18. b3 e6 19. Bxf5 gxf5 20. Rh3 Rbc8 21. Qd2 Qxd2 22. Rxd2 Kg7 23. f4 Kf6 24. Re3 Rg8 25. c3 Rc5 26. Kb2 Ke7 27. g3 Rgc8 28. Rd4 Kf6 29. Red3 Kg6 30. b4 R5c7 31. a4 Kf6 32. Kb3 Ke7 33. b5 Rc4 34. Kc2 Kd6 35. Kb3 Ke7 36. Re3 Kd6 37. Rf3 R8c5 38. Rfd3 Kc7 39. Re3 1/2-1/2

[Event "LAT-chT Higher League 2019"]
[Site "Riga"]
[Date "2019.10.12"]
[Round "8.15"]
[White "Zemzare, Agnija"]
[Black "Badelka, Olga"]
[Result "1/2-1/2"]
[ECO "A58"]
[WhiteElo "1931"]
[BlackElo "2413"]
[Annotator "NA"]
[PlyCount "85"]
[EventDate "2019.02.15"]
[EventType "team-tourn"]
[EventCountry "LAT"]
[SourceTitle "playchess.com"]
[Source "ChessBase"]
[SourceQuality "1"]
[TimeControl "40/5400+30:1800+30"]

1. d4 Nf6 2. c4 c5 3. d5 b5 4. cxb5 a6 5. bxa6 g6 6. Nc3 Bxa6 7. g3 d6 8. Bg2 Bg7 9. Nf3 Nbd7 10. O-O Nb6 11. Nd2 O-O 12. Re1 Ng4 13. Qc2 Bd4 14. e3 Bg7 15. Nde4 Ne5 16. Rd1 c4 17. f4 Nd3 18. Bd2 Nb4 19. Qc1 N4xd5 20. Nxd5 Nxd5 21. Nf2 e6 22. Bxd5 exd5 23. Bc3 Bb7 24. Bxg7 Kxg7 25. Qc3+ f6 26. b4 Ra4 27. a3 Qe7 28. Rd4 h5 29. Nd1 h4 30. g4 h3 31. Nf2 Re8 32. e4 Kg8 33. Nxh3 dxe4 34. Rxc4 e3 35. Qc2 e2 36. Qxg6+ Kf8 37. Re1 Ba6 38. Rxe2 Qa7+ 39. Nf2 Rxe2 40. Qxf6+ Qf7 41. Qh8+ Qg8 42. Qf6+ Qf7 43. Qh8+ 1/2-1/2

[Event "LAT-chT Higher League 2019"]
[Site "Riga"]
[Date "2019.10.13"]
[Round "9.1"]
[White "Semjonovs, Ilja"]
[Black "Meshkovs, Nikita"]
[Result "0-1"]
[ECO "C60"]
[WhiteElo "2357"]
[BlackElo "2548"]
[Annotator "ChessBase"]
[PlyCount "62"]
[EventDate "2019.02.15"]
[EventType "team-tourn"]
[EventCountry "LAT"]
[SourceTitle "playchess.com"]
[Source "ChessBase"]
[SourceQuality "1"]
[TimeControl "40/5400+30:1800+30"]

1. e4 e5 2. Nf3 Nc6 3. Bb5 a6 4. Ba4 Nge7 5. c3 g6 6. O-O Bg7 7. d4 exd4 8. cxd4 b5 9. Bb3 O-O 10. Nc3 Na5 11. Bc2 d6 12. h3 c5 13. b3 Bb7 14. Ne2 Re8 15. Re1 Nec6 16. Bb2 Rc8 17. a3 b4 18. Bd3 bxa3 19. Rxa3 Nb4 20. Ng3 Nac6 21. Bb1 cxd4 22. Qd2 Qb6 23. Ne2 d5 24. Nexd4 Nxd4 25. Bxd4 Bxd4 26. Qxd4 Qxd4 27. Nxd4 dxe4 28. Ra4 Nd5 29. Rxe4 Rc1+ 30. Kh2 Rd8 31. Bd3 Nc3 0-1

[Event "LAT-chT Higher League 2019"]
[Site "Riga"]
[Date "2019.10.13"]
[Round "9.2"]
[White "Laurusas, Tomas"]
[Black "Chukavin, Kirill"]
[Result "1/2-1/2"]
[ECO "D43"]
[WhiteElo "2501"]
[BlackElo "2332"]
[Annotator "ChessBase"]
[PlyCount "59"]
[EventDate "2019.02.15"]
[EventType "team-tourn"]
[EventCountry "LAT"]
[SourceTitle "playchess.com"]
[Source "ChessBase"]
[SourceQuality "1"]
[TimeControl "40/5400+30:1800+30"]

1. d4 Nf6 2. c4 e6 3. Nf3 d5 4. Bg5 h6 5. Bxf6 Qxf6 6. Nc3 c6 7. e3 Nd7 8. a3 g6 9. e4 dxe4 10. Nxe4 Qf4 11. Qc2 e5 12. c5 exd4 13. Qe2 d3 14. Nd6+ Kd8 15. Qe8+ Kc7 16. Nxf7 Rh7 17. N3e5 Qe4+ 18. Kd1 Rxf7 19. Qxf7 Qxe5 20. Bxd3 Qxb2 21. Ra2 Qd4 22. Rd2 Qa1+ 23. Kc2 Qxh1 24. Qf4+ Kd8 25. Rd1 Qxg2 26. Be4 Qg5 27. Qxf8+ Kc7 28. Qd6+ Kd8 29. Qf8+ Kc7 30. Qd6+ 1/2-1/2

[Event "LAT-chT Higher League 2019"]
[Site "Riga"]
[Date "2019.10.13"]
[Round "9.3"]
[White "Golubovskis, Maksims"]
[Black "Sveshnikov, Vladimir"]
[Result "0-1"]
[ECO "D02"]
[WhiteElo "2078"]
[BlackElo "2419"]
[Annotator "NA"]
[PlyCount "148"]
[EventDate "2019.02.15"]
[EventType "team-tourn"]
[EventCountry "LAT"]
[SourceTitle "playchess.com"]
[Source "ChessBase"]
[SourceQuality "1"]
[TimeControl "40/5400+30:1800+30"]

1. Nf3 d5 2. d4 Nf6 3. Bf4 c5 4. e3 Nc6 5. c3 Qb6 6. Qc1 Bf5 7. Be2 Rc8 8. O-O g6 9. h3 Bg7 10. dxc5 Qxc5 11. Nd4 Bd7 12. Nxc6 Bxc6 13. Be5 O-O 14. Nd2 Rfd8 15. Nb3 Qb6 16. Nd4 Ne4 17. Bxg7 Kxg7 18. Rd1 Ba4 19. Re1 e5 20. Nf3 Qf6 21. Rf1 d4 22. exd4 exd4 23. Qb1 dxc3 24. Qxe4 cxb2 25. Rae1 Bc2 26. Qb4 Rc6 27. Nd2 Rb6 28. Qa5 Re6 29. Qb4 Rde8 30. Qc4 Rc6 31. Qb5 Re7 32. Qb4 Rb6 33. Qc4 Rc6 34. Qb4 Bf5 35. g4 Rb6 36. Qf4 b1=Q 37. Nxb1 Bxb1 38. Qxf6+ Rxf6 39. Bc4 Rxe1 40. Rxe1 Bc2 41. Re7 b6 42. Rxa7 g5 43. Rc7 Be4 44. Re7 Bc6 45. Kf1 Rf4 46. Bb3 h6 47. Rc7 Be4 48. Bc4 Kg6 49. Rd7 Bc6 50. Rd6+ Rf6 51. Rd4 Kg7 52. Bb3 Kf8 53. Rd8+ Ke7 54. Rb8 Bf3 55. Rc8 Rc6 56. Rxc6 Bxc6 57. Kg1 f6 58. Kh2 Kd6 59. Bc2 Kc5 60. h4 Kb4 61. Kg3 Bd5 62. f4 Bxa2 63. hxg5 hxg5 64. fxg5 fxg5 65. Kf3 Kc3 66. Bf5 Bd5+ 67. Ke3 b5 68. Bg6 b4 69. Bd3 b3 70. Bf5 b2 71. Bb1 Be6 72. Ke4 Bxg4 73. Ke5 Be2 74. Kf5 Bd3+ 0-1

[Event "LAT-chT Higher League 2019"]
[Site "Riga"]
[Date "2019.10.13"]
[Round "9.4"]
[White "Bernotas, Arturs"]
[Black "Jazdanovs, Aleksandrs"]
[Result "1/2-1/2"]
[ECO "B52"]
[WhiteElo "2366"]
[BlackElo "2209"]
[Annotator "NA"]
[PlyCount "82"]
[EventDate "2019.02.15"]
[EventType "team-tourn"]
[EventCountry "LAT"]
[SourceTitle "playchess.com"]
[Source "ChessBase"]
[SourceQuality "1"]
[TimeControl "40/5400+30:1800+30"]

1. e4 c5 2. Nf3 d6 3. Bb5+ Bd7 4. Bxd7+ Qxd7 5. c4 Nf6 6. Nc3 g6 7. d4 cxd4 8. Nxd4 Bg7 9. h3 Nc6 10. Be3 O-O 11. O-O Rac8 12. b3 b6 13. Qd3 Nh5 14. Nxc6 Qxc6 15. Rac1 Qb7 16. a4 Rfd8 17. Rfd1 Nf6 18. Nd5 Re8 19. Bg5 Nxd5 20. cxd5 Bb2 21. Rb1 Bf6 22. Be3 Rc3 23. Qb5 Rec8 24. a5 h5 25. Rdc1 Rxc1+ 26. Rxc1 Rxc1+ 27. Bxc1 Qc8 28. Qc6 Qa6 29. axb6 axb6 30. Be3 Qd3 31. Qc4 Qb1+ 32. Kh2 b5 33. Qxb5 Qxe4 34. Qc4 Be5+ 35. g3 Qf3 36. Bb6 g5 37. Kg1 g4 38. hxg4 h4 39. gxh4 Qh3 40. Qe4 Qxh4 41. Qf3 Qh7 1/2-1/2

[Event "LAT-chT Higher League 2019"]
[Site "Riga"]
[Date "2019.10.13"]
[Round "9.5"]
[White "Badelka, Olga"]
[Black "Chernyak, Viktoria"]
[Result "1-0"]
[ECO "D32"]
[WhiteElo "2413"]
[BlackElo "2284"]
[Annotator "NA"]
[PlyCount "139"]
[EventDate "2019.02.15"]
[EventType "team-tourn"]
[EventCountry "LAT"]
[SourceTitle "playchess.com"]
[Source "ChessBase"]
[SourceQuality "1"]
[TimeControl "40/5400+30:1800+30"]

1. c4 e6 2. Nf3 d5 3. e3 Nf6 4. Nc3 c5 5. cxd5 exd5 6. d4 Nc6 7. Be2 Be7 8. O-O O-O 9. dxc5 Bxc5 10. Na4 Be7 11. b3 Be6 12. Bb2 Rc8 13. Nd4 Bd6 14. Nxe6 fxe6 15. Nc3 a6 16. Rc1 Qe7 17. Qd2 Kh8 18. g3 Bb4 19. Qd3 Ne5 20. Qd4 Nc6 21. Qh4 e5 22. Rcd1 Rcd8 23. Bf3 Qf7 24. Bg2 Be7 25. Qh3 Nb4 26. a3 Nc6 27. b4 Rd6 28. Ne2 Qg6 29. Bc1 Qc2 30. Rd2 Qc4 31. f4 Ne4 32. Bxe4 Qxe4 33. Rdd1 exf4 34. Nxf4 d4 35. Qg2 Qxg2+ 36. Kxg2 Rfd8 37. e4 Kg8 38. Nd5 Re6 39. Rfe1 Bd6 40. Bf4 Rde8 41. Bxd6 Rxd6 42. a4 h6 43. b5 axb5 44. axb5 Ne7 45. Nf4 Rb6 46. Rb1 Ra8 47. Rb2 Ra5 48. Reb1 Kf7 49. Nd3 Ke6 50. Rb4 Ra2+ 51. Kf3 Rxh2 52. Rxd4 Rc2 53. Ke3 Rd6 54. Nf4+ Ke5 55. Rxd6 Kxd6 56. Rd1+ Ke5 57. Rd7 Rc3+ 58. Nd3+ Kf6 59. Rxb7 Nc8 60. Kd4 Rc2 61. b6 g5 62. e5+ Kg6 63. Rb8 Ne7 64. Rf8 Kh5 65. b7 Rc7 66. Nc5 Kg4 67. Kc4 Nc6 68. Kb5 Rxb7+ 69. Kxc6 Rg7 70. Ne4 1-0

[Event "LAT-chT Higher League 2019"]
[Site "Riga"]
[Date "2019.10.13"]
[Round "9.6"]
[White "Neiksans, Arturs"]
[Black "Volodin, Aleksandr"]
[Result "1/2-1/2"]
[ECO "B30"]
[WhiteElo "2570"]
[BlackElo "2491"]
[Annotator "RC"]
[PlyCount "167"]
[EventDate "2019.02.15"]
[EventType "team-tourn"]
[EventCountry "LAT"]
[SourceTitle "playchess.com"]
[Source "ChessBase"]
[SourceQuality "1"]
[TimeControl "40/5400+30:1800+30"]

1. e4 c5 2. Nf3 Nc6 3. Bb5 e6 4. O-O Nge7 5. Re1 Qc7 6. c3 a6 7. Bf1 d5 8. exd5 Nxd5 9. d4 cxd4 10. Nxd4 Be7 11. Nxc6 Qxc6 12. c4 Nf6 13. Nc3 O-O 14. Bf4 Rd8 15. Qb3 b6 16. Be2 Bb7 17. Bf3 Qc8 18. Na4 Nd7 19. Rac1 Bxf3 20. Qxf3 Ra7 21. Red1 Rb7 22. h3 h6 23. b3 Re8 24. Qg3 Kh8 25. Bd6 Bg5 26. Bf4 Bxf4 27. Qxf4 Nc5 28. Nxc5 Qxc5 29. Qd6 Rc8 30. Qxc5 Rxc5 31. Rd8+ Kh7 32. Ra8 b5 33. Rxa6 bxc4 34. Rxc4 Rxc4 35. bxc4 Rb1+ 36. Kh2 Rc1 37. Ra4 Rc2 38. Kg3 e5 39. Kf3 f5 40. Ke3 Kg6 41. g3 Kf6 42. h4 e4 43. Ra6+ Ke7 44. Ra3 Kf6 45. Ra4 g5 46. Ra6+ Ke5 47. Ra5+ Kf6 48. c5 gxh4 49. gxh4 Ke6 50. a4 Ke5 51. c6+ Ke6 52. c7 Rxc7 53. Kf4 Rc2 54. Re5+ Kd6 55. Rxf5 Rxf2+ 56. Kxe4 Ra2 57. Ra5 Rh2 58. Ra6+ Ke7 59. Rxh6 Ra2 60. Rh7+ Ke6 61. Ra7 Rh2 62. Kd4 Kd6 63. Ra6+ Kd7 64. Rh6 Ra2 65. Ke5 Rxa4 66. Kf6 Rg4 67. h5 Rg1 68. Rg6 Rf1+ 69. Kg7 Ke7 70. Ra6 Rg1+ 71. Rg6 Rf1 72. h6 Rf7+ 73. Kh8 Rf8+ 74. Rg8 Rf1 75. Kg7 Rg1+ 76. Kh7 Rf1 77. Kg7 Rg1+ 78. Kh8 Rf1 79. Kh7 Kf7 80. Rg7+ Kf8 81. Kg6 Rg1+ 82. Kf6 Rxg7 83. hxg7+ Kg8 84. Kg6 1/2-1/2

[Event "LAT-chT Higher League 2019"]
[Site "Riga"]
[Date "2019.10.13"]
[Round "9.7"]
[White "Mustaps, Matiss"]
[Black "Batashevs, Arsens"]
[Result "0-1"]
[ECO "B06"]
[WhiteElo "2366"]
[BlackElo "2135"]
[Annotator "NA"]
[PlyCount "88"]
[EventDate "2019.02.15"]
[EventType "team-tourn"]
[EventCountry "LAT"]
[SourceTitle "playchess.com"]
[Source "ChessBase"]
[SourceQuality "1"]
[TimeControl "40/5400+30:1800+30"]

1. e4 g6 2. d4 d6 3. Nc3 Bg7 4. Be3 a6 5. a4 Nf6 6. f3 Nc6 7. g4 e5 8. Nge2 Bxg4 9. dxe5 Nxe5 10. Nd4 c5 11. fxg4 Nfxg4 12. Nf5 gxf5 13. Bf4 Bh6 14. Bxe5 dxe5 15. Qxd8+ Rxd8 16. exf5 Bd2+ 17. Ke2 Bf4 18. Ne4 Ke7 19. Bg2 Ne3 20. f6+ Ke6 21. Bh3+ Kd5 22. Nc3+ Kc6 23. Rag1 Rd6 24. Ne4 Rd4 25. Kf3 Nxc2 26. Rg7 Rd3+ 27. Kg4 h5+ 28. Kh4 Rd4 29. Rxf7 Ne3 30. Ng3 Bh6+ 31. Kxh5 Bf8+ 32. Kg6 Rh6+ 33. Kg5 Rxh3 34. Ne4 Rxe4 35. Rg1 Bd6 36. b4 Rxb4 37. a5 Rxh2 38. Kg6 Rg4+ 39. Rxg4 Nxg4 40. Rg7 Rh6+ 41. Kf7 Rxf6+ 42. Kg8 Rf8+ 43. Kh7 Nf6+ 44. Kh6 Rh8+ 0-1

[Event "LAT-chT Higher League 2019"]
[Site "Riga"]
[Date "2019.10.13"]
[Round "9.8"]
[White "Bekasovs, Rihards"]
[Black "Lavendelis, Egons"]
[Result "1/2-1/2"]
[ECO "A30"]
[WhiteElo "2172"]
[BlackElo "2273"]
[Annotator "NA"]
[PlyCount "51"]
[EventDate "2019.02.15"]
[EventType "team-tourn"]
[EventCountry "LAT"]
[SourceTitle "playchess.com"]
[Source "ChessBase"]
[SourceQuality "1"]
[TimeControl "40/5400+30:1800+30"]

1. Nf3 Nf6 2. c4 g6 3. b3 Bg7 4. Bb2 O-O 5. g3 c5 6. Bg2 Nc6 7. O-O b6 8. d4 cxd4 9. Nxd4 Bb7 10. Nc3 Rc8 11. Rc1 d6 12. Qd2 Qd7 13. Nxc6 Bxc6 14. Nd5 Nxd5 15. cxd5 Bb5 16. Bxg7 Kxg7 17. Rfe1 Rxc1 18. Rxc1 Rc8 19. e4 Rc7 20. h4 h5 21. Kh2 Qc8 22. Bh3 Bd7 23. Rxc7 Qxc7 24. Bxd7 Qxd7 25. Qc3+ f6 26. Kg2 1/2-1/2

[Event "LAT-chT Higher League 2019"]
[Site "Riga"]
[Date "2019.10.13"]
[Round "9.9"]
[White "Tronenkovs, Valdis"]
[Black "Kolasa, Pjotrs"]
[Result "1/2-1/2"]
[ECO "C28"]
[WhiteElo "2267"]
[BlackElo "2032"]
[Annotator "NA"]
[PlyCount "139"]
[EventDate "2019.02.15"]
[EventType "team-tourn"]
[EventCountry "LAT"]
[SourceTitle "playchess.com"]
[Source "ChessBase"]
[SourceQuality "1"]
[TimeControl "40/5400+30:1800+30"]

1. e4 e5 2. Bc4 Nf6 3. d3 Be7 4. Nc3 O-O 5. f4 d6 6. Nf3 Nc6 7. f5 Nd4 8. Be3 Nxf5 9. exf5 d5 10. Nxe5 dxc4 11. Qf3 cxd3 12. O-O-O Qd6 13. Nxd3 Qc6 14. Qxc6 bxc6 15. Rhf1 Ng4 16. Bg1 Bg5+ 17. Kb1 Ne3 18. Bxe3 Bxe3 19. Rde1 Bb6 20. Ne4 Ba6 21. b3 Rad8 22. Rf3 Rfe8 23. c4 Bd4 24. Rff1 h5 25. Kc2 Bc8 26. h3 h4 27. g4 hxg3 28. Nxg3 Bf6 29. Re4 Bh4 30. Rxh4 Re3 31. Ne4 Rdxd3 32. Nc5 Rd8 33. Rf2 Re5 34. Na4 Bxf5+ 35. Kb2 g6 36. Rhf4 Rd3 37. h4 Kg7 38. b4 Ree3 39. h5 a6 40. hxg6 fxg6 41. Rg2 Kf6 42. Rgf2 Kg5 43. Nc5 Rd1 44. a3 Rd8 45. Nxa6 Rdd3 46. Nc5 Rxa3 47. Rd4 Ra8 48. Nd7 Rd8 49. Rg2+ Kh6 50. Rh2+ Kg7 51. Rhd2 Re1 52. Nc5 Rb1+ 53. Kc3 Ra8 54. Rb2 Ra3+ 55. Rb3 Rc1+ 56. Kb2 Raa1 57. b5 cxb5 58. cxb5 Rab1+ 59. Ka2 Ra1+ 60. Kb2 Rcb1+ 61. Kc3 Re1 62. Kb4 Kf6 63. Na6 Rec1 64. Rc3 Ra4+ 65. Kxa4 Rxc3 66. Kb4 Rc1 67. Rc4 Rxc4+ 68. Kxc4 Bd7 69. Nxc7 Bxb5+ 70. Nxb5 1/2-1/2

[Event "LAT-chT Higher League 2019"]
[Site "Riga"]
[Date "2019.10.13"]
[Round "9.10"]
[White "Limanovska, Elizabete"]
[Black "Rogule, Laura"]
[Result "0-1"]
[ECO "B52"]
[WhiteElo "2186"]
[BlackElo "2269"]
[Annotator "NA"]
[PlyCount "54"]
[EventDate "2019.02.15"]
[EventType "team-tourn"]
[EventCountry "LAT"]
[SourceTitle "playchess.com"]
[Source "ChessBase"]
[SourceQuality "1"]
[TimeControl "40/5400+30:1800+30"]

1. e4 c5 2. Nf3 d6 3. Bb5+ Bd7 4. Bxd7+ Qxd7 5. c4 e5 6. Nc3 Nc6 7. d3 g6 8. O-O Bg7 9. a3 Nge7 10. Rb1 O-O 11. b4 f5 12. Nd5 fxe4 13. dxe4 Nd4 14. Ne1 Nxd5 15. exd5 b5 16. bxc5 bxc4 17. Nc2 dxc5 18. Ne3 Rab8 19. Bd2 Rxb1 20. Qxb1 c3 21. Be1 c2 22. Nxc2 Qf5 23. Qb7 Nxc2 24. Bd2 Qd3 25. Bg5 Nd4 26. Rb1 Ne2+ 27. Kh1 Nc3 0-1

[Event "LAT-chT Higher League 2019"]
[Site "Riga"]
[Date "2019.10.13"]
[Round "9.11"]
[White "Ehlvest, Jaan"]
[Black "Miezis, Normunds"]
[Result "1-0"]
[ECO "B25"]
[WhiteElo "2511"]
[BlackElo "2492"]
[Annotator "ChessBase"]
[PlyCount "101"]
[EventDate "2019.02.15"]
[EventType "team-tourn"]
[EventCountry "LAT"]
[SourceTitle "playchess.com"]
[Source "ChessBase"]
[SourceQuality "1"]
[TimeControl "40/5400+30:1800+30"]

1. g3 c5 2. Bg2 Nc6 3. e4 g6 4. Nc3 Bg7 5. d3 d6 6. Bg5 Nd4 7. Qd2 h6 8. Be3 Nf6 9. h3 e5 10. Nge2 b5 11. Bxd4 cxd4 12. Nxb5 Rb8 13. c4 dxc3 14. Nbxc3 Be6 15. d4 d5 16. exd5 Nxd5 17. dxe5 Nb4 18. Rd1 Bxe5 19. a3 Qxd2+ 20. Rxd2 Na2 21. Nb5 O-O 22. Nbd4 Bc4 23. Nc6 Rbe8 24. Nxe5 Rxe5 25. f4 Rxe2+ 26. Rxe2 Bxe2 27. Kxe2 Rb8 28. Bd5 Rb5 29. Rd1 Nc1+ 30. Ke3 Nb3 31. Bc4 Rb7 32. Rd5 Kg7 33. Kd3 a5 34. Kc3 a4 35. Bb5 Re7 36. Bxa4 Re3+ 37. Kc2 Na1+ 38. Kb1 Nb3 39. Bxb3 Rxb3 40. a4 g5 41. fxg5 Rxg3 42. gxh6+ Kxh6 43. a5 Rxh3 44. a6 Kg6 45. a7 Rh8 46. Ra5 Ra8 47. b4 f5 48. b5 f4 49. b6 f3 50. Ra2 Kg7 51. Rf2 1-0

[Event "LAT-chT Higher League 2019"]
[Site "Riga"]
[Date "2019.10.13"]
[Round "9.12"]
[White "Stepins, Edgars"]
[Black "Kanep, Meelis"]
[Result "1/2-1/2"]
[ECO "D02"]
[WhiteElo "2292"]
[BlackElo "2448"]
[Annotator "NA"]
[PlyCount "53"]
[EventDate "2019.02.15"]
[EventType "team-tourn"]
[EventCountry "LAT"]
[SourceTitle "playchess.com"]
[Source "ChessBase"]
[SourceQuality "1"]
[TimeControl "40/5400+30:1800+30"]

1. d4 Nf6 2. Nf3 e6 3. Bf4 c5 4. c3 d5 5. e3 Bd6 6. Ne5 O-O 7. Nd2 Qc7 8. Bg3 Nbd7 9. f4 b6 10. Bd3 a5 11. Qe2 Bb7 12. O-O c4 13. Bc2 b5 14. Bh4 Ne4 15. Bxe4 dxe4 16. a4 b4 17. cxb4 Bxb4 18. Ndxc4 Ba6 19. Rfc1 Nb6 20. Nxb6 Qxb6 21. Qd1 Qb7 22. b3 Rfc8 23. h3 Qd5 24. Qh5 Qb7 25. Qd1 Qd5 26. Qh5 Qb7 27. Qd1 1/2-1/2

[Event "LAT-chT Higher League 2019"]
[Site "Riga"]
[Date "2019.10.13"]
[Round "9.13"]
[White "Lanka, Zigurds"]
[Black "Agafonov, Yuri Dr"]
[Result "1-0"]
[ECO "B03"]
[WhiteElo "2386"]
[BlackElo "2097"]
[Annotator "NA"]
[PlyCount "85"]
[EventDate "2019.02.15"]
[EventType "team-tourn"]
[EventCountry "LAT"]
[SourceTitle "playchess.com"]
[Source "ChessBase"]
[SourceQuality "1"]
[TimeControl "40/5400+30:1800+30"]

1. e4 Nf6 2. e5 Nd5 3. c4 Nb6 4. d4 d6 5. exd6 exd6 6. h3 Bf5 7. Nf3 Be7 8. Nc3 O-O 9. Be2 Bf6 10. O-O Nc6 11. b3 d5 12. c5 Nc8 13. Be3 Re8 14. Rc1 a6 15. Qd2 h6 16. Nh2 N8e7 17. g4 Be4 18. f3 Bh7 19. f4 Nf5 20. Bf2 Nfxd4 21. Bd3 Bxd3 22. Qxd3 g6 23. Rfd1 Bg7 24. Qf1 Re7 25. Bh4 g5 26. fxg5 Re6 27. Rd2 Be5 28. g6 Qd7 29. Qxf7+ Qxf7 30. gxf7+ Kxf7 31. Rf1+ Kg7 32. Nxd5 Rf8 33. Rxf8 Kxf8 34. Rf2+ Kg7 35. Nf1 Nb5 36. Nfe3 Nc3 37. Kg2 Ne4 38. Nf5+ Kh7 39. Rc2 b5 40. cxb6 cxb6 41. Re2 Bd4 42. Nxd4 Nxd4 43. Rxe4 1-0